 Dungeon Crawl Stone Soup version 0.27.1-4-g1640c2035a (webtiles) character file.

Game seed: 2458670723121363528

18 unlimited1921 the Vexing (level 2, -1/23 HPs)
             Began as a Gnoll Arcane Marksman on Nov 13, 2021.
             Slain by a hobgoblin (4 damage)
             ... led by Robin
             ... on level 1 of the Dungeon.
             The game lasted 00:06:31 (1531 turns).

unlimited1921 the Vexing (Gnoll Arcane Marksman)    Turns: 1531, Time: 00:06:31

Health: -1/23      AC:  2    Str:  9    XL:     2   Next: 66%
Magic:  5/5        EV: 13    Int: 12    God:
Gold:   38         SH:  0    Dex: 12    Spells: 3/6 levels left

rFire    . . .     SeeInvis .   i - +0 whip
rCold    . . .     Faith    .   (no shield)
rNeg     . . .     Spirit   .   d - +0 robe
rPois    .         Reflect  .   (no helmet)
rElec    .         Harm     .   (no cloak)
rCorr    .         Rampage  .   (no gloves)
Will     .....                  (no boots)
Stlth    +.........             (no amulet)
HPRegen  0.07/turn              (no ring)
MPRegen  0.09/turn              (no ring)

@: no status effects
A: fangs 1, strong nose, distributed training
a: no special abilities


You were on level 1 of the Dungeon.
You visited 1 branch of the dungeon, and saw 2 of its levels.

You collected 38 gold pieces.

Inventory:

Hand Weapons
 a - a +0 hand crossbow
 i - a +0 whip (weapon)
Missiles
 c - 16 bolts
 g - 15 arrows
 j - a stone (quivered)
Armour
 d - a +0 robe (worn)
Scrolls
 b - a scroll of immolation {unknown}
 e - a scroll of enchant weapon {unknown}
 f - a scroll of identify {unknown}
Potions
 h - a potion of heal wounds {unknown}


   Skills:
 + Level 2.5 Fighting
 + Level 0.5 Short Blades
 + Level 0.5 Long Blades
 + Level 0.5 Axes
 + Level 0.5 Maces & Flails
 + Level 0.5 Polearms
 + Level 0.5 Staves
 + Level 0.5 Slings
 + Level 0.5 Bows
 + Level 4.5 Crossbows
 + Level 0.5 Throwing
 + Level 0.5 Armour
 + Level 4.5 Dodging
 + Level 0.5 Stealth
 + Level 0.5 Shields
 + Level 0.5 Unarmed Combat
 + Level 2.7 Spellcasting
 + Level 0.3 Conjurations
 + Level 5.3 Hexes
 + Level 0.3 Summonings
 + Level 0.3 Necromancy
 + Level 0.3 Translocations
 + Level 0.3 Transmutations
 + Level 0.3 Fire Magic
 + Level 0.3 Ice Magic
 + Level 0.3 Air Magic
 + Level 0.3 Earth Magic
 + Level 0.3 Poison Magic
 + Level 0.6 Invocations
 + Level 0.5 Evocations


You had 3 spell levels left.
You knew the following spells:

 Your Spells              Type           Power      Damage    Failure   Level
a - Corona                Hex            15%        N/A       2%          1
b - Slow                  Hex            14%        N/A       4%          2

Your spell library contained the following spells:

 Spells                   Type           Power      Damage    Failure   Level
 Inner Flame              Hex/Fire       8%         N/A       24%         3
 Portal Projectile        Hex/Tloc       16%        N/A       24%         3
 Cause Fear               Hex            7%         N/A       26%         4


Dungeon Overview and Level Annotations

Branches:
Dungeon (2/15)

Altars:

Annotations:
D:2 Natasha, Robin


Innate Abilities, Weirdness & Mutations

You have very sharp teeth.
Your uncanny sense of smell can sniff out nearby items.
Your experience applies equally to all skills.


Message History

The hobgoblin hits you.
A goblin comes into view. It is wielding a +0 dagger.
You barely miss the goblin. Your bite misses the goblin.
The goblin is severely wounded.
The goblin barely misses you. The hobgoblin closely misses you.
You hit the goblin.
You kill the goblin!
The hobgoblin closely misses you. Robin throws the goblin at you!
You hit the goblin. Your bite misses the goblin.
The goblin is severely wounded.
The goblin hits you but does no damage. The hobgoblin misses you.
You hit the goblin.
You kill the goblin!
The hobgoblin barely misses you. Robin throws the goblin at you!
Items here: ( ))) †.
You hit the goblin.
The goblin is severely wounded.
The goblin barely misses you. The hobgoblin closely misses you.
You miss the goblin.
The goblin is severely wounded.
The goblin barely misses you. The hobgoblin barely misses you.
You hit the goblin.
You kill the goblin!
The hobgoblin closely misses you.
Things that are here:
a +0 dagger; a goblin corpse The hobgoblin no longer looks unusually strong.
The hobgoblin no longer looks unusually strong.
Robin roars a battlecry!
The hobgoblins go into a battle-frenzy!
You hit the hobgoblin but do no damage. The hobgoblin hits you.
You hit the hobgoblin but do no damage. The hobgoblin hits you.
* * * LOW HITPOINT WARNING * * *
There is a stone staircase leading up here.
The hobgoblin barely misses you.
You climb upwards.
There is a stone staircase leading down here.
The hobgoblin hits you.
You die...

....###.## ##.## ##...##.##.#
....##...#####...## ###.#..#.##
....#..#.......#..# ###.###§§
..>..#...#####...## #..#.##
...####.###.###.## #####<..#..
....##..........#######...#######
.......#......>.........###......
.....###.......g.......####..####
....## #........@................
....####..........#.............#
..................#############..
..################# #.. ### ##. #
#. ##


You could see a hobgoblin (strong).

Vanquished Creatures
  7 goblins
  2 hobgoblins (D:1)
  A ball python (D:1)
  3 bats
  2 frilled lizards (D:1)
  A kobold (D:1)
  3 rats (D:1)
19 creatures vanquished.

Notes
Turn   | Place    | Note
-------+----------+-------------------------------------------
     0 | D:1      | unlimited1921 the Gnoll Arcane Marksman began the quest for
                  | the Orb.
     0 | D:1      | Reached XP level 1. HP: 17/17 MP: 4/4
   344 | D:1      | Reached XP level 2. HP: 23/23 MP: 3/5
   477 | D:1      | Learned a level 2 spell: Slow
  1416 | D:2      | Noticed Natasha
  1493 | D:2      | Noticed Robin
  1531 | D:1      | Slain by a hobgoblin

Illustrated notes

Levels and vault maps discovered:
D:1:      dpeg_arrival_brainrot, layout_rooms, minmay_misc_feat_tower
D:2:      layout_basic, serial_shops, shop, nicolae_shop_behind_doors,
          ebering_ecumenical_altar_ruins, uniq_sigmund, uniq_robin, uniq_natasha

Action                   || total
-------------------------++-------
Melee: Whip              ||    28
 Fire: Hand crossbow     ||    24
 Cast: Corona            ||    20
Armor: Robe              ||    13
Dodge: Dodged            ||    34
